[Event "ICC tourney 3288 (30 10)"]
[Site "Internet Chess Club"]
[Date "2023.09.23"]
[Round "1"]
[White "Ryerson, Olivia:oliviaryerson"]
[Black "Thorstad, Robert:SevenOfDiamonds"]
[Result "0-1"]
[ICCResult "White checkmated"]
[WhiteElo "1330"]
[BlackElo "1422"]
[Opening "Queen's pawn: London system"]
[ECO "A45"]
[NIC "QP.07"]
[Time "12:00:14"]
[PlyCount "72"]
[TimeControl "1800+10"]

1. d4 Nf6 2. Bf4 d5 3. e3 e6 4. Nf3 c5 5. c3 c4 6. Nbd2 b5 7. b3 Nc6 8. a4
cxb3 9. Bxb5 Bd7 10. Qxb3 Be7 11. Bxc6 Bxc6 12. Ne5 Bd7 13. Nxd7 Nxd7 14.
O-O O-O 15. Rab1 Qa5 16. Qb5 Qxb5 17. Rxb5 Rac8 18. Rb7 Rfd8 19. Bc7 Re8 20.
Bf4 Nb6 21. Rxa7 Rxc3 22. Rb1 Nc4 23. Nxc4 dxc4 24. Rxe7 Kf8 25. Rxe8+ Kxe8
26. a5 Rb3 27. Rc1 c3 28. h3 Ra3 29. Bc7 Kd7 30. Bb6 Kc6 31. Kf1 Kb5 32. Ke2
Kc4 33. f4 Ra2+ 34. Kd1 Kd3 35. d5 Rxg2 36. Bd4 Rg1# {White checkmated} 0-1

[Event "ICC tourney 3288 (30 10)"]
[Site "Internet Chess Club"]
[Date "2023.09.23"]
[Round "1"]
[White ":coolcat-xx"]
[Black "ZHANG, ARI:brass60Six"]
[Result "0-1"]
[ICCResult "White checkmated"]
[WhiteElo "1575"]
[BlackElo "1385"]
[Opening "Queen's pawn, Mason variation"]
[ECO "D00"]
[NIC "QP.08"]
[Time "12:00:58"]
[PlyCount "100"]
[TimeControl "1800+10"]

1. d4 d5 2. Bf4 Nf6 3. e3 e6 4. Nd2 Bd6 5. Bg3 c5 6. c3 Bxg3 7. hxg3 c4 8.
Ngf3 Nc6 9. Be2 b5 10. Qc2 h6 11. a4 b4 12. e4 b3 13. Qb1 a5 14. e5 Nd7 15.
O-O Nb6 16. Nh2 Ne7 17. g4 g6 18. Qc1 O-O 19. Nb1 Kg7 20. Na3 Bd7 21. Nb5
Bxb5 22. axb5 Rh8 23. Qf4 Nec8 24. Qg3 a4 25. f4 Na7 26. f5 g5 27. fxe6 fxe6
28. Rf6 Qe7 29. Raf1 Raf8 30. Qh3 Nd7 31. Rxf8 Rxf8 32. Ra1 Nb6 33. Nf3 Nxb5
34. Qg3 a3 35. bxa3 Nxc3 36. Qe1 Nxe2+ 37. Qxe2 Na4 38. Qe3 Rc8 39. Rf1 c3
40. Kh2 b2 41. Nxg5 Qxg5 42. Qf3 Qe7 43. Qd3 c2 44. Rf6 Qxf6 45. exf6+ Kxf6
46. Qa6 c1=Q 47. Qxa4 b1=Q 48. Qd7 Qh1+ 49. Kg3 Qbe1+ 50. Kf3 Qhf1#
{White checkmated}
0-1

[Event "ICC tourney 3288 (30 10)"]
[Site "Internet Chess Club"]
[Date "2023.09.23"]
[Round "1"]
[White "Hamlett, James Morrison:Hamlett144"]
[Black "HAO, RYAN:Ryan334"]
[Result "1-0"]
[ICCResult "Black checkmated"]
[WhiteElo "1400"]
[BlackElo "1603"]
[Opening "Evans gambit declined"]
[ECO "C51"]
[NIC "IG.05"]
[Time "12:00:12"]
[PlyCount "139"]
[TimeControl "1800+10"]

1. e4 e5 2. Nf3 Nc6 3. Bc4 Bc5 4. b4 Bb6 5. c3 Nf6 6. d3 h6 7. Ba3 d6 8. O-O
O-O 9. Nbd2 Be6 10. Qb3 Qd7 11. Bxe6 fxe6 12. Nc4 Kh8 13. Bb2 Ne7 14. Qc2
Ng6 15. a4 a6 16. d4 exd4 17. cxd4 Qf7 18. e5 dxe5 19. Ncxe5 Nxe5 20. Nxe5
Qe8 21. Ng6+ Kg8 22. Nxf8 Qxf8 23. a5 Ba7 24. Qxc7 Qxb4 25. Bc3 Nd5 26. Bxb4
Nxc7 27. Bc5 Bxc5 28. dxc5 Rd8 29. Rad1 Nd5 30. Rfe1 Kf7 31. f4 g6 32. g4
Kf6 33. g5+ hxg5 34. fxg5+ Ke7 35. Re5 Kd7 36. Rb1 Rb8 37. h4 Nf4 38. Rb6
Kc7 39. Kh2 Rf8 40. Kg3 Nh5+ 41. Kh2 Nf4 42. Rexe6 Nxe6 43. Rxe6 Rg8 44. Kg3
Kd7 45. Rd6+ Kc7 46. Rf6 Kd7 47. Kg4 Kc7 48. h5 gxh5+ 49. Kxh5 Rh8+ 50. Kg4
Rh1 51. g6 Rg1+ 52. Kh5 Rh1+ 53. Kg5 Rg1+ 54. Kh6 Rh1+ 55. Kg7 Rg1 56. Kf8
Kd7 57. g7 Kc7 58. g8=Q Rxg8+ 59. Kxg8 Kc8 60. Kf7 Kc7 61. Kg6 Kc8 62. Kf5
Kc7 63. Ke5 Kd7 64. Rd6+ Kc7 65. Kd5 Kb8 66. c6 bxc6+ 67. Kxc6 Ka7 68. Rd7+
Kb8 69. Kb6 Ka8 70. Rd8# {Black checkmated} 1-0

[Event "ICC tourney 3288 (30 10)"]
[Site "Internet Chess Club"]
[Date "2023.09.23"]
[Round "2"]
[White "HAO, RYAN:Ryan334"]
[Black "Singh, Saharsh:saharshsingh02"]
[Result "1-0"]
[ICCResult "Black resigns"]
[WhiteElo "1603"]
[BlackElo "1017"]
[Opening "Scandinavian (center counter) defense"]
[ECO "B01"]
[NIC "SD.02"]
[Time "14:01:25"]
[PlyCount "73"]
[TimeControl "1800+10"]

1. e4 d5 2. exd5 Qxd5 3. Nc3 Qd8 4. Nf3 Nf6 5. d4 e6 6. Be2 c6 7. O-O Be7 8.
Bf4 O-O 9. Qd2 Bb4 10. a3 Ba5 11. b4 Bc7 12. Bg5 a6 13. Qc1 Kh8 14. Ne4 Nbd7
15. Nxf6 Nxf6 16. c3 Rg8 17. Ne5 Qe8 18. Bxf6 gxf6 19. Ng4 Bd8 20. Qf4 Qe7
21. Nh6 Rg7 22. Bh5 Bc7 23. Qe3 f5 24. Nxf5 Bxh2+ 25. Kxh2 Rxg2+ 26. Kxg2
Qf6 27. Qe5 Qxe5 28. dxe5 exf5 29. Bxf7 Bd7 30. e6 Be8 31. Bxe8 Rxe8 32.
Rfe1 Kg7 33. Rad1 Kf6 34. Rd6 h5 35. e7+ Kf7 36. Rh6 Rxe7 37. Rh7+
{Black resigns}
1-0

[Event "ICC tourney 3288 (30 10)"]
[Site "Internet Chess Club"]
[Date "2023.09.23"]
[Round "2"]
[White "PERERA, KEVIN Chandler:kevinp"]
[Black ":coolcat-xx"]
[Result "0-1"]
[ICCResult "White resigns"]
[WhiteElo "1421"]
[BlackElo "1575"]
[Opening "QGD: exchange, positional line"]
[ECO "D35"]
[NIC "QO.16"]
[Time "14:01:28"]
[PlyCount "104"]
[TimeControl "1800+10"]

1. d4 Nf6 2. c4 e6 3. Nc3 d5 4. cxd5 exd5 5. Bg5 Be7 6. e3 c6 7. Bd3 O-O 8.
Qc2 h6 9. Bh4 Nbd7 10. Nge2 Re8 11. O-O-O a5 12. g4 b5 13. g5 hxg5 14. Bxg5
b4 15. Na4 Bb7 16. Rdg1 Nb6 17. Nc5 Bxc5 18. dxc5 Nbd7 19. Bh6 Nh5 20. Nf4
Ndf6 21. Nxh5 Nxh5 22. Rg5 Qf6 23. Bh7+ Kh8 24. Bxg7+ Nxg7 25. Rhg1 Re5 26.
Rxg7 Qxg7 27. Rxg7 Kxg7 28. Bd3 Rh8 29. Qe2 Bc8 30. f4 Reh5 31. f5 Rg5 32.
Qf3 Rxh2 33. f6+ Kg8 34. Qf1 Rhg2 35. Qf3 Rh2 36. Qf1 Bh3 37. Qe1 a4 38. e4
dxe4 39. Bxe4 Be6 40. a3 bxa3 41. bxa3 Rxc5+ 42. Kb1 Rg5 43. Bxc6 Rh6 44.
Qd2 Rhg6 45. Qd8+ Kh7 46. Be4 Bf5 47. Bxf5 Rxf5 48. Qd1 Rfxf6 49. Qxa4 Rf1+
50. Kc2 Rg2+ 51. Kd3 Rf3+ 52. Ke4 Rg4+ {White resigns} 0-1

[Event "ICC tourney 3288 (30 10)"]
[Site "Internet Chess Club"]
[Date "2023.09.23"]
[Round "2"]
[White "Thorstad, Robert:SevenOfDiamonds"]
[Black "ZHANG, ARI:brass60Six"]
[Result "1-0"]
[ICCResult "Black resigns"]
[WhiteElo "1422"]
[BlackElo "1385"]
[Opening "QGD: Alekhine variation"]
[ECO "D30"]
[NIC "QP.08"]
[Time "14:01:25"]
[PlyCount "115"]
[TimeControl "1800+10"]

1. d4 d5 2. c4 e6 3. Nf3 Nf6 4. Bg5 Nbd7 5. Nc3 c6 6. e4 dxe4 7. Nxe4 Be7 8.
Nc3 O-O 9. Bd3 c5 10. O-O cxd4 11. Nxd4 Nc5 12. Bb1 a6 13. b4 Ncd7 14. a3
Nb6 15. Qd3 g6 16. Bh6 Re8 17. Rd1 e5 18. Nf3 Qxd3 19. Bxd3 Bf8 20. Be3 Nbd7
21. Ne4 Nxe4 22. Bxe4 Nf6 23. Bc2 Bg4 24. Rd2 Bxf3 25. gxf3 Rad8 26. Rad1
Be7 27. Bb6 Rxd2 28. Rxd2 Rc8 29. c5 Kf8 30. Ba4 Ne8 31. Rd7 Rb8 32. Ba7 Rd8
33. Rxb7 Rd3 34. Rb8 Rd8 35. Rxd8 Bxd8 36. Kf1 Nc7 37. Bb6 Ke7 38. Ke2 Nd5
39. Bxd8+ Kxd8 40. Bb3 Nf4+ 41. Ke3 f5 42. Bc4 Kc7 43. Bxa6 Nd5+ 44. Kd3
Nf4+ 45. Kc4 Kc6 46. b5+ Kc7 47. b6+ Kb8 48. c6 Ne6 49. c7+ Nxc7 50. bxc7+
Kxc7 51. Kd5 Kb6 52. Bc8 Kc7 53. Be6 e4 54. fxe4 fxe4 55. Kxe4 Kd6 56. Bg8
h6 57. h4 h5 58. Bf7 {Black resigns} 1-0

[Event "ICC tourney 3288 (30 10)"]
[Site "Internet Chess Club"]
[Date "2023.09.23"]
[Round "3"]
[White "Singh, Saharsh:saharshsingh02"]
[Black "Ryerson, Olivia:oliviaryerson"]
[Result "0-1"]
[ICCResult "White resigns"]
[WhiteElo "1017"]
[BlackElo "1330"]
[Opening "Bogo-Indian defense"]
[ECO "E11"]
[NIC "QI.01"]
[Time "16:00:26"]
[PlyCount "108"]
[TimeControl "1800+10"]

1. d4 Nf6 2. c4 e6 3. Nf3 Bb4+ 4. Bd2 Be7 5. Nc3 c5 6. e3 d5 7. cxd5 Nxd5 8.
e4 cxd4 9. Nxd4 Nf6 10. Nf3 O-O 11. e5 Nd5 12. Nxd5 Qxd5 13. Be2 Nc6 14. Bc3
Rd8 15. O-O Bb4 16. Qxd5 Rxd5 17. Rad1 Bxc3 18. Rxd5 exd5 19. bxc3 Be6 20.
Bb5 a6 21. Bxc6 bxc6 22. a4 Rb8 23. Nd4 c5 24. Nc6 Rb6 25. Na5 Bd7 26. Ra1
Bxa4 27. f4 Bd7 28. c4 d4 29. Kf2 f6 30. g3 fxe5 31. fxe5 Re6 32. Re1 Rb6
33. Kf3 Kf7 34. Kf4 Kg6 35. h4 h5 36. Ke4 Be6 37. Rc1 Rb4 38. Kd3 Ra4 39.
Nb7 Ra3+ 40. Kd2 Ra2+ 41. Ke1 d3 42. Kf1 d2 43. Rb1 Bxc4+ 44. Kg1 Be2 45.
Rb6+ Kh7 46. Rd6 Ra1+ 47. Kf2 d1=Q 48. Rxd1 Rxd1 49. Nxc5 Bb5 50. e6 Rd8 51.
Ne4 Re8 52. Ng5+ Kg6 53. Ke3 Bc4 54. Nf7 Rxe6+ {White resigns} 0-1

[Event "ICC tourney 3288 (30 10)"]
[Site "Internet Chess Club"]
[Date "2023.09.23"]
[Round "3"]
[White "ZHANG, ARI:brass60Six"]
[Black "HAO, RYAN:Ryan334"]
[Result "1-0"]
[ICCResult "Black checkmated"]
[WhiteElo "1385"]
[BlackElo "1603"]
[Opening "QGD: Charousek (Petrosian) variation"]
[ECO "D31"]
[NIC "QP.08"]
[Time "16:00:27"]
[PlyCount "87"]
[TimeControl "1800+10"]

1. d4 d5 2. c4 e6 3. Nc3 Be7 4. Nf3 Nf6 5. e3 O-O 6. Bd3 b6 7. O-O Bb7 8.
cxd5 exd5 9. Qc2 c5 10. dxc5 bxc5 11. Be2 Nc6 12. a3 Rc8 13. Rd1 d4 14. exd4
Nxd4 15. Nxd4 cxd4 16. Qb3 Qd7 17. Bf4 Bc5 18. Na4 Bd5 19. Nxc5 Bxb3 20.
Nxd7 Bxd1 21. Nxf6+ gxf6 22. Rxd1 Rc2 23. Bb5 Rxb2 24. a4 Rd8 25. h3 Rb4 26.
Bc7 Rd5 27. Ba5 Rb2 28. Bc7 Kg7 29. Bg3 d3 30. Kh2 d2 31. Bf4 Kf8 32. Be3
Rc2 33. Kg3 Ke7 34. Kf3 Rd6 35. a5 Rd5 36. Ba4 Rb2 37. Bc6 Rf5+ 38. Ke2 Rxa5
39. Bxd2 Re5+ 40. Kf1 Re6 41. Bf3 Rd6 42. Re1+ Kf8 43. Bh6+ Kg8 44. Re8#
{Black checkmated}
1-0

[Event "ICC tourney 3288 (30 10)"]
[Site "Internet Chess Club"]
[Date "2023.09.23"]
[Round "3"]
[White ":coolcat-xx"]
[Black "Hamlett, James Morrison:Hamlett144"]
[Result "1-0"]
[ICCResult "Black resigns"]
[WhiteElo "1575"]
[BlackElo "1400"]
[Opening "Queen's pawn"]
[ECO "A40"]
[NIC "QO.17"]
[Time "16:00:19"]
[PlyCount "119"]
[TimeControl "1800+10"]

1. d4 e6 2. Bf4 g5 3. Bg3 f5 4. e3 Nf6 5. Nd2 h5 6. h3 Nc6 7. c3 Ne7 8. Bd3
Bh6 9. Be5 Neg8 10. Ngf3 d6 11. Bxf6 Nxf6 12. Qc2 Qe7 13. O-O-O Bd7 14. e4
g4 15. hxg4 fxg4 16. Nh4 Qg7 17. e5 dxe5 18. Bg6+ Kd8 19. dxe5 Nd5 20. Bxh5
Bxd2+ 21. Qxd2 Rxh5 22. c4 Nb6 23. c5 Nd5 24. Qd3 Qg5+ 25. Qd2 Qxd2+ 26.
Kxd2 c6 27. Ng6 Rxh1 28. Rxh1 Ne7 29. Nxe7 Kxe7 30. Rh7+ Kd8 31. Rg7 b6 32.
cxb6 axb6 33. Rxg4 Rxa2 34. Kc3 Ra5 35. f4 c5 36. Rg8+ Kc7 37. Rg7 Kc6 38.
g4 Ra4 39. Rf7 b5 40. g5 b4+ 41. Kc2 Ra8 42. g6 Be8 43. Rf6 Kd5 44. Kd2 Ra7
45. f5 exf5 46. e6 Ke5 47. Rf7 Ra8 48. g7 Rd8+ 49. Ke1 Rd4 50. g8=Q Re4+ 51.
Kd2 Rd4+ 52. Kc1 Rc4+ 53. Kb1 b3 54. Qxe8 Rg4 55. Qb8+ Kxe6 56. Qe8+ Kd5 57.
Rd7+ Kc4 58. Qe6+ Kb4 59. Rb7+ Ka5 60. Qb6+ {Black resigns} 1-0

[Event "ICC tourney 3288 (30 10)"]
[Site "Internet Chess Club"]
[Date "2023.09.23"]
[Round "4"]
[White "HAO, RYAN:Ryan334"]
[Black "Ryerson, Olivia:oliviaryerson"]
[Result "1-0"]
[ICCResult "Black resigns"]
[WhiteElo "1603"]
[BlackElo "1330"]
[Opening "Sicilian: Alapin's variation (2.c3)"]
[ECO "B22"]
[NIC "SI.46"]
[Time "18:00:10"]
[PlyCount "27"]
[TimeControl "1800+10"]

1. e4 c5 2. c3 d5 3. exd5 Qxd5 4. d4 Nc6 5. Nf3 Bg4 6. Be2 e6 7. Bf4 g6 8.
h3 Bf5 9. O-O cxd4 10. Nxd4 Nxd4 11. cxd4 Bg7 12. Be3 Rd8 13. Nc3 Qd7 14.
Bb5 {Black resigns} 1-0

[Event "ICC tourney 3288 (30 10)"]
[Site "Internet Chess Club"]
[Date "2023.09.23"]
[Round "4"]
[White "Singh, Saharsh:saharshsingh02"]
[Black "PERERA, KEVIN Chandler:kevinp"]
[Result "0-1"]
[ICCResult "White checkmated"]
[WhiteElo "1017"]
[BlackElo "1421"]
[Opening "King's Indian, 3.Nf3"]
[ECO "E60"]
[NIC "KI.80"]
[Time "18:01:39"]
[PlyCount "74"]
[TimeControl "1800+10"]

1. d4 Nf6 2. c4 g6 3. Nf3 Bg7 4. e3 O-O 5. Bd3 d6 6. O-O Nbd7 7. Nc3 e5 8.
dxe5 dxe5 9. e4 c6 10. Qc2 Qc7 11. b3 Nc5 12. Re1 Bg4 13. Be2 Rad8 14. b4
Ne6 15. a4 Nd4 16. Nxd4 exd4 17. Na2 Bxe2 18. Qxe2 d3 19. Qd2 Nxe4 20. Rxe4
Bxa1 21. Nc3 Qd7 22. Bb2 Bxb2 23. Qxb2 d2 24. Nd1 Rfe8 25. Re3 Rxe3 26. fxe3
Qg4 27. Qc2 Qe2 28. h3 Qe1+ 29. Kh2 Re8 30. b5 Rxe3 31. Nxe3 Qxe3 32. Qd1
Qe1 33. Qg4 d1=Q 34. Qc8+ Kg7 35. bxc6 Qd6+ 36. g3 Qf2+ 37. Kh1 Qd1#
{White checkmated}
0-1

[Event "ICC tourney 3288 (30 10)"]
[Site "Internet Chess Club"]
[Date "2023.09.23"]
[Round "4"]
[White "Thorstad, Robert:SevenOfDiamonds"]
[Black ":coolcat-xx"]
[Result "0-1"]
[ICCResult "White resigns"]
[WhiteElo "1422"]
[BlackElo "1575"]
[Opening "QGD: 6.Nf3"]
[ECO "D55"]
[NIC "QI.01"]
[Time "18:00:13"]
[PlyCount "50"]
[TimeControl "1800+10"]

1. d4 Nf6 2. c4 e6 3. Nf3 d5 4. Bg5 Be7 5. Nc3 O-O 6. e3 a6 7. c5 Re8 8. Bd3
h6 9. Bh4 Nbd7 10. O-O c6 11. b4 Bf8 12. a4 e5 13. dxe5 Nxe5 14. Nxe5 Rxe5
15. Qf3 g5 16. Qg3 Qe7 17. f3 Nh5 18. Bxg5 Rxg5 19. Qe1 a5 20. h4 Rg3 21.
Nd1 Qxh4 22. e4 Nf4 23. Qd2 Rxg2+ 24. Qxg2+ Nxg2 25. Kxg2 Bh3+ {White
resigns} 0-1

[Event "ICC tourney 3288 (30 10)"]
[Site "Internet Chess Club"]
[Date "2023.09.23"]
[Round "5"]
[White "HAO, RYAN:Ryan334"]
[Black "PERERA, KEVIN Chandler:kevinp"]
[Result "1-0"]
[ICCResult "Black resigns"]
[WhiteElo "1603"]
[BlackElo "1421"]
[Opening "French: advance, Paulsen attack"]
[ECO "C02"]
[NIC "FR.03"]
[Time "20:00:05"]
[PlyCount "147"]
[TimeControl "1800+10"]

1. e4 e6 2. d4 d5 3. e5 c5 4. c3 Nc6 5. Nf3 Qb6 6. a3 c4 7. Be2 Bd7 8. O-O
Na5 9. Nbd2 Ne7 10. Rb1 Qc7 11. Qc2 Nc8 12. b3 cxb3 13. Nxb3 Nc4 14. Bxc4
Qxc4 15. Na5 Qc7 16. Nxb7 Nb6 17. Na5 Ba4 18. Qa2 Qxc3 19. Nb3 Nc4 20. Bd2
Nxd2 21. Nbxd2 Be7 22. Rbc1 Qd3 23. Rfe1 O-O 24. Re3 Qa6 25. Rec3 Bb5 26. h3
Bb4 27. Rb3 Be7 28. Qb2 Ba4 29. Rb7 Bd8 30. Rb4 Bb6 31. Qb1 Rac8 32. Nf1
Rxc1 33. Qxc1 Rc8 34. Rxa4 Rxc1 35. Rxa6 Kf8 36. Ra4 Ke7 37. Rb4 Kd7 38. Ng5
Kc6 39. Nxf7 a5 40. Rb3 Bxd4 41. Rd3 Kc5 42. g3 Kc4 43. Rf3 Rc3 44. Nd2+ Kb5
45. Rxc3 Bxc3 46. Nb1 Bd4 47. Kf1 Kc4 48. Ke2 Kb3 49. f4 Kc2 50. Nd2 Bb2 51.
a4 Bc3 52. Nf3 Kb3 53. N7g5 h6 54. Nxe6 Kxa4 55. Ned4 Kb4 56. Nc2+ Kc5 57.
Kd3 Bb2 58. Nd2 a4 59. Nb1 h5 60. Nba3 Bc1 61. h4 Bb2 62. Nb1 Bc1 63. Nba3
g6 64. Kc3 d4+ 65. Kd3 Bb2 66. Nb1 Kd5 67. Nca3 Bc1 68. Nc2 Bb2 69. Kd2 Ke6
70. Ke2 Kf5 71. Kd3 Kg4 72. e6 Kxg3 73. e7 Bc1 74. e8=Q {Black resigns} 1-0

[Event "ICC tourney 3288 (30 10)"]
[Site "Internet Chess Club"]
[Date "2023.09.23"]
[Round "5"]
[White "Hamlett, James Morrison:Hamlett144"]
[Black "Singh, Saharsh:saharshsingh02"]
[Result "1-0"]
[ICCResult "Black checkmated"]
[WhiteElo "1400"]
[BlackElo "1017"]
[Opening "Scandinavian (center counter) defense"]
[ECO "B01"]
[NIC "SD.01"]
[Time "20:00:07"]
[PlyCount "95"]
[TimeControl "1800+10"]

1. e4 d5 2. exd5 Qxd5 3. Nc3 Qa5 4. Nge2 Nf6 5. a3 g6 6. b4 Qb6 7. Nf4 g5 8.
Nd3 a5 9. Na4 Qc6 10. b5 Qxb5 11. Nc3 Qd7 12. Bb2 Qg4 13. f3 Qh4+ 14. g3 Qh6
15. Bg2 Bh3 16. Qe2 Bxg2 17. Qxg2 Nc6 18. O-O O-O-O 19. Ne4 Bg7 20. Rab1
Rhe8 21. Ndc5 Nxe4 22. fxe4 Bxb2 23. Rxb2 b6 24. Nd3 f6 25. Rfb1 Nd4 26. e5
f5 27. Qa8+ Kd7 28. Qd5+ Kc8 29. Qa8+ Kd7 30. Qb7 Qc6 31. Rxb6 Qxb7 32. Nc5+
Kc8 33. Rxb7 Nc6 34. Na6 Rxd2 35. Rxc7+ Kd8 36. Rxc6 Kd7 37. Rc7+ Ke6 38.
Rb6+ Kxe5 39. Rc5+ Kd4 40. c3+ Ke3 41. Re6+ Kf3 42. Rxf5+ Kg4 43. Rxa5 Rc8
44. Rc5 Ra8 45. Rc4+ Kh5 46. a4 h6 47. g4+ Kh4 48. Rxh6# {Black checkmated}
1-0

[Event "ICC tourney 3288 (30 10)"]
[Site "Internet Chess Club"]
[Date "2023.09.23"]
[Round "5"]
[White "Ryerson, Olivia:oliviaryerson"]
[Black "ZHANG, ARI:brass60Six"]
[Result "0-1"]
[ICCResult "White checkmated"]
[WhiteElo "1330"]
[BlackElo "1385"]
[Opening "Queen's pawn, Mason variation"]
[ECO "D00"]
[NIC "QP.08"]
[Time "20:00:30"]
[PlyCount "140"]
[TimeControl "1800+10"]

1. d4 d5 2. Bf4 Nf6 3. e3 e6 4. Nf3 Bd6 5. Bg3 Bxg3 6. hxg3 Nbd7 7. Bd3 a6
8. Ne5 g6 9. Ng4 Nxg4 10. Qxg4 Nb6 11. Qh3 h6 12. g4 Qe7 13. Nd2 Bd7 14.
O-O-O O-O-O 15. Nb3 Bc6 16. Qf3 Kb8 17. Qe2 Nd7 18. Na5 Qd6 19. Qd2 Ka7 20.
f3 f5 21. gxf5 exf5 22. Rhg1 Nf6 23. Nb3 b6 24. Qe2 Bb7 25. g4 fxg4 26. fxg4
Ne4 27. Bxe4 dxe4 28. Nd2 Bd5 29. a3 Rde8 30. Nc4 Bxc4 31. Qxc4 h5 32. gxh5
gxh5 33. Qf7 Re7 34. Qg6 Re6 35. Qg3 Qxg3 36. Rxg3 h4 37. Rh3 Rf6 38. Rdh1
Rfh6 39. Kd2 Kb7 40. Kc3 Rc6+ 41. Kb3 Rch6 42. d5 b5 43. Kc3 Kb6 44. Kd4 c5+
45. Kxe4 Kc7 46. Kf4 Kd6 47. e4 R6h7 48. b3 Rf8+ 49. Ke3 Rfh8 50. c4 Rh6 51.
Rf3 h3 52. Rf7 h2 53. Ra7 Rh3+ 54. Ke2 Rxb3 55. Rxa6+ Ke5 56. Re6+ Kd4 57.
Kf2 Kxc4 58. Rg6 Rxa3 59. d6 Rd3 60. e5 Ra8 61. Rc1+ Kb4 62. Rg4+ c4 63. Rh4
Ra2+ 64. Kf1 Rf3+ 65. Ke1 Re3+ 66. Kf1 Rxe5 67. d7 Rd5 68. Rb1+ Ka5 69. Rh8
Rxd7 70. Re1 Rf7# {White checkmated} 0-1